 Dungeon Crawl Stone Soup version 0.30-a0-509-gd016549fea (webtiles) character file.

Game seed: 8375561821212319002

366 XLettuce the Firebug (level 7, -1/51 HPs)
             Began as a Human Fire Elementalist on Dec 22, 2022.
             Slain by an orc
             ... wielding a +0 mace
              (6 damage)
             ... on level 3 of the Dungeon.
             The game lasted 00:10:21 (2093 turns).

XLettuce the Firebug (Human Fire Elementalist)      Turns: 2093, Time: 00:10:22

Health: -1/51      AC:  6    Str:  9    XL:     7   Next: 0%
Magic:  7/12       EV: 11    Int: 17    God:
Gold:   95         SH:  0    Dex: 13    Spells: 10/13 levels left

rFire   . . .      SeeInvis .    a - +4 quarterstaff (chaos)
rCold   . . .      Faith    .    (shield currently unavailable)
rNeg    . . .      Spirit   .    n - +0 leather armour
rPois   .          Reflect  .    (no helmet)
rElec   .          Harm     .    s - +0 cloak
rCorr   .          Rampage  .    (no gloves)
Will    .....                    m - +1 pair of boots
Stlth   ++........               e - amulet of magic regeneration
HPRegen 0.28/turn                (no ring)
MPRegen 0.53/turn                (no ring)

@: no status effects
A: no striking features
a: no special abilities


You were on level 3 of the Dungeon.
You visited 1 branch of the dungeon, and saw 3 of its levels.

You collected 95 gold pieces.

Inventory:

Hand Weapons
 a - a +4 quarterstaff of chaos (weapon)
 c - a +0 dagger
 j - a +0 whip
Armour
 f - a +0 chain mail
 i - a +0 ring mail
 m - a +1 pair of boots (worn)
 n - a +0 leather armour (worn)
 r - a +0 robe
 s - a +0 cloak (worn)
Jewellery
 d - an amulet of regeneration
 e - an amulet of magic regeneration (around neck)
Scrolls
 h - a scroll of blinking {unknown}
 k - a scroll of identify {unknown}
 l - a scroll of acquirement {unknown}
 p - a scroll of noise {unknown}
 t - a scroll of vulnerability {unknown}
 u - a scroll of fog {unknown}
Potions
 b - a potion of magic
 g - a potion of haste
 o - 2 potions of curing {unknown}
 q - a potion of lignification


   Skills:
 * Level 2.3 Fighting
 - Level 0.6 Maces & Flails
 + Level 0.1(0.3) Staves
 + Level 1.0 Armour
 + Level 2.2 Dodging
 - Level 2.0 Stealth
 + Level 3.7 Spellcasting
 + Level 1.7 Conjurations
 + Level 4.9 Fire Magic


You had 10 spell levels left.
You knew the following spells:

 Your Spells              Type           Power      Damage    Failure   Level
a - Foxfire               Conj/Fire      56%        2x1d6     5%          1
b - Scorch                Fire           40%        2d7       4%          2

Your spell library contained the following spells:

 Spells                   Type           Power      Damage    Failure   Level
 Inner Flame              Hex/Fire       11%        N/A       24%         3
 Kindle Blastsparks       Fire/Tloc/Air  16%        2d11      32%         3
 Flame Wave               Conj/Fire      14%        2d6       50%         4
 Summon Ice Beast         Ice/Summ       3%         N/A       91%         4
 Summon Mana Viper        Hex/Summ       3%         N/A       99%         5
 Monstrous Menagerie      Summ           1%         N/A       100%        7


Dungeon Overview and Level Annotations

Branches:
Dungeon (3/15)

Altars:


Message History

Casting: Foxfire (safe; 6% risk of failure)
Confirm with . or Enter, or press ? or * to list all spells.
Flames lash something.
Reactivating autopickup.
You feel a bit more experienced. The orc hits you with a +0 mace.
The orc closely misses you. Something barely misses you.
You have reached level 7!
You hit the orc. You burn the orc.
The orc is almost dead.
The orc hits you with a +0 mace! The orc hits you with a +0 short sword.
Something hits you but does no damage.
Deactivating autopickup; reactivate with Ctrl-A.
You hit the orc but do no damage.
The orc seems to grow stronger.
The orc is almost dead.
The orc misses you. Something hits you. The orc hits you with a +0 short sword.
You closely miss the orc.
The orc is almost dead.
Something hits you but does no damage. The orc hits you with a +0 short sword.
The orc hits you with a +0 mace.
* * * LOW HITPOINT WARNING * * *
Casting: Scorch (safe; 4% risk of failure)
Confirm with . or Enter, or press ? or * to list all spells.
You conjure some foxfire!
The orc hits you with a +0 mace.
* * * LOW HITPOINT WARNING * * *
The orc hits you with a +0 short sword.
* * * LOW HITPOINT WARNING * * *
Something hits you.
* * * LOW HITPOINT WARNING * * *
You barely miss something.
The foxfire hits the orc.
The orc is severely wounded.
The foxfire hits the orc.
You kill the orc!
The orc hits you with a +0 mace.
* * * LOW HITPOINT WARNING * * *
Something hits you but does no damage. x2; The orc hits you with a +0 mace.
* * * LOW HITPOINT WARNING * * *
Casting: Foxfire (safe; 5% risk of failure)
Confirm with . or Enter, or press ? or * to list all spells.
Flames lash something.
The orc hits you with a +0 mace.
You die...

#..:......#..#
............##
#..........#
#.......†≈≈#
#........≈##
#..$.....≈#
#........≈#
.#.#.#.)......≈#
......{@....)).+
...#.)o).....)≈#
#.#........≈# ..
#........≈# ...
#........≈# ..
#........≈≈# .
.........>....
.##...........


You could see an orc (strong).

Vanquished Creatures
  Grinder (D:3)
  An orc priest (D:3)
  Crazy Yiuf (D:2)
  2 orc wizards (D:3)
  An adder (D:2)
  A dart slug (D:2)
  6 orcs (D:3)
  6 endoplasms
  3 giant cockroaches
  3 hobgoblins
  6 jackals (D:2)
  2 quokkas
  3 ball pythons
  4 bats
  3 goblins
  2 kobolds
  6 rats
51 creatures vanquished.

Vanquished Creatures (others)
  118 foxfires
118 creatures vanquished.

Grand Total: 169 creatures vanquished

Notes
Turn   | Place    | Note
-------+----------+-------------------------------------------
     0 | D:1      | XLettuce the Human Fire Elementalist began the quest for
                  | the Orb.
     0 | D:1      | Reached XP level 1. HP: 13/13 MP: 3/3
   311 | D:1      | Reached XP level 2. HP: 19/19 MP: 5/5
   660 | D:2      | Reached XP level 3. HP: 25/25 MP: 6/6
   821 | D:2      | HP: 1/25 [worm (7)]
   949 | D:2      | Learned a level 2 spell: Scorch
  1265 | D:2      | Reached XP level 4. HP: 31/31 MP: 2/7
  1488 | D:2      | Found a runed translucent door.
  1489 | D:2      | Noticed Crazy Yiuf
  1519 | D:2      | Killed Crazy Yiuf
  1520 | D:2      | Reached skill level 1 in Fighting
  1734 | D:3      | Noticed Grinder
  1739 | D:3      | Reached skill level 4 in Fire Magic
  1758 | D:3      | Killed Grinder
  1759 | D:3      | Reached XP level 5. HP: 5/38 MP: 2/10
  1759 | D:3      | Reached XP level 6. HP: 6/44 MP: 2/11
  1948 | D:3      | Reached skill level 1 in Armour
  2088 | D:3      | Reached XP level 7. HP: 38/51 MP: 7/12
  2093 | D:3      | Slain by an orc

Illustrated notes

Levels and vault maps discovered:
D:1:      lightli_arrival_boilingwater, layout_rooms
D:2:      layout_loops_corners, uniq_crazy_yiuf_cottage
D:3:      layout_rooms, lightli_temple_of_fire, nicolae_overflow_hidden_temple,
          uniq_terence, uniq_grinder

Skill      XL: |  1  2  3  4  5  6 |
---------------+-------------------+-----
Fighting       | 2 |  2.3
Fire Magic     | 4 |  4.9
Spellcasting   | 3 |  3.7
Armour         | 1 |  1.0
Maces & Flails | |  0.6
Staves         | |  0.1
Dodging        | |  2.2
Stealth        | |  2.0
Conjurations   | |  1.7

Action                   |  1- 3 |  4- 6 |  7- 9 || total
-------------------------+-------+-------+-------++-------
Melee: Dagger            |     9 |       |       ||     9
       Whip              |    26 |       |       ||    26
       Unarmed           |     1 |       |       ||     1
       Quarterstaff      |       |     7 |     4 ||    11
 Cast: Foxfire           |    41 |    28 |     1 ||    70
       Scorch            |     7 |    12 |     1 ||    20
  Use: Potion            |     1 |     1 |       ||     2
 Stab: Sleeping          |     1 |       |       ||     1
Armor: Robe              |     3 |       |       ||     3
       Leather armour    |    18 |     7 |     4 ||    29
       Skin              |       |     1 |       ||     1
Dodge: Dodged            |    50 |     6 |     1 ||    57

Table legend: (Time is in decaauts)
 A = Elapsed time spent in this place.
 B = Non-inter-level travel time spent in this place.
 C = Inter-level travel time spent in this place.
 D = Time resting spent in this place.
 E = Time spent auto-exploring this place.
 F = Levels seen in this place.
 G = Mean time per level.
                   A        B        C        D        E       F      G
               +--------+--------+--------+--------+--------+-----+--------+
         Total |   2066 |   2031 |     35 |    355 |   1073 |   3 |  688.7 |
       Dungeon |   2066 |   2031 |     35 |    355 |   1073 |   3 |  688.7 |
               +--------+--------+--------+--------+--------+-----+--------+

Top non-repeatable levels by time:
     D:2: 1176 daAuts
     D:1: 503 daAuts
     D:3: 387 daAuts
